 Dungeon Crawl Stone Soup version 0.17.0-15-g6d90897 (webtiles) character file.

354 Iffee the Shield-Bearer (level 6, -2/43 HPs)
             Began as a High Elf Fighter on Nov 10, 2015.
             Was a Believer of Makhleb.
             Slain by Menkaure (15 damage)
             ... on level 5 of the Dungeon.
             The game lasted 00:29:22 (3043 turns).

Iffee the Shield-Bearer (High Elf Fighter)          Turns: 3043, Time: 00:29:22

Health: -2/43      AC:  9    Str: 17    XL:     6   Next: 35%
Magic:  7/7        EV: 15    Int: 13    God:    Makhleb [**....]
Gold:   259        SH: 10    Dex: 19    Spells: 0 memorised, 5 levels left

rFire  . . .     SeeInvis .     t - +4 dagger {poison}
rCold  . . .     Clarity  .     b - +0 scale mail
rNeg   . . .     SustAt   .     c - +0 shield
rPois  .         Gourm    .     (no helmet)
rElec  .         Spirit   .     (no cloak)
rCorr  .         Warding  .     (no gloves)
rMut   .         Stasis   .     (no boots)
MR     .....                    (no amulet)
Stlth  +.........               (no ring)
                                j - +3 ring of protection

@: agile, not resistant to hostile enchantments, very unstealthy
A: no striking features
a: Minor Destruction, Renounce Religion


You were on level 5 of the Dungeon.
You worshipped Makhleb.
Makhleb was pleased with you.
You were not hungry.

You visited 1 branch of the dungeon, and saw 5 of its levels.

You collected 259 gold pieces.

Inventory:

Hand Weapons
 a - a +3 rapier
 t - a +4 dagger (weapon) {poison}
 y - a +1 spear of venom
Missiles
 s - 17 arrows of flame
Armour
 b - a +0 scale mail (worn)
 c - a +0 shield (worn)
Jewellery
 j - a +3 ring of protection (left hand)
Scrolls
 d - a scroll of teleportation
 h - a scroll of recharging
 w - a scroll of remove curse
Potions
 o - a potion of flight
Comestibles
 f - 3 meat rations
 l - 2 bread rations
 r - 2 beef jerkies


   Skills:
 + Level 3.8 Fighting
 + Level 3.7 Short Blades
 + Level 0.1 Polearms
 + Level 3.6 Armour
 + Level 3.7 Dodging
 + Level 3.9 Shields


You had 5 spell levels left.
You didn't know any spells.

Dungeon Overview and Level Annotations

Branches:
Dungeon (5/15)
 Temple: D:4-7

Altars:
Cheibriados
Gozag
Makhleb

Annotations:
D:5 Menkaure


Message History

Menkaure hits you but does no damage.
You hit Menkaure.
Menkaure is moderately damaged.
Drink which item? (? for menu, Esc to quit)
You feel agile all of a sudden.
Menkaure mumbles some strange words.
Menkaure seems to speed up.
You hit Menkaure.
Menkaure is heavily damaged.
You block Menkaure's attack.
You barely miss Menkaure.
Menkaure is heavily damaged.
Menkaure barely misses you.
You hit Menkaure.
Menkaure is heavily damaged.
Menkaure barely misses you.
You completely miss Menkaure.
Menkaure is heavily damaged.
Menkaure hits you!
You die...

########
#.@M...#
#.####.#
#.####.#
#.#....####.
#.#.........
#.#....#
#......#
#####.####
#........#


You could see Menkaure.

Vanquished Creatures
  2 iguanas (D:4)
  4 orc wizards
  Jessica (D:2)
  A hound skeleton (D:4)
  A gnoll (D:4)
  4 adders
  An ooze (D:2)
  A worm (D:3)
  4 giant geckos
  16 orcs
  6 bats
  10 giant cockroaches
  5 goblins
  8 hobgoblins
  9 kobolds
  A giant gecko skeleton (D:4)
  4 giant newts
  2 quokka skeletons (D:4)
  8 rats
88 creatures vanquished.

Notes
Turn   | Place    | Note
--------------------------------------------------------------
     0 | D:1      | Iffee the High Elf Fighter began the quest for the Orb.
     0 | D:1      | Reached XP level 1. HP: 16/16 MP: 2/2
   198 | D:1      | Reached XP level 2. HP: 17/21 MP: 3/3
   406 | D:1      | Reached skill level 1 in Dodging
   707 | D:1      | Reached XP level 3. HP: 18/26 MP: 4/4
   929 | D:2      | Noticed Jessica
   946 | D:2      | Killed Jessica
  1004 | D:2      | Reached XP level 4. HP: 22/31 MP: 5/5
  1197 | D:2      | Found a burning altar of Makhleb.
  1202 | D:2      | Became a worshipper of Makhleb the Destroyer
  1857 | D:3      | Reached * piety under Makhleb
  1926 | D:3      | Reached XP level 5. HP: 36/36 MP: 6/6
  1973 | D:3      | Found an opulent altar of Gozag.
  2127 | D:3      | You fall through a shaft!
  2314 | D:4      | Found a snail-covered altar of Cheibriados.
  2518 | D:4      | Noticed a phantom
  2715 | D:4      | Learned a level 3 spell: Stone Arrow
  2827 | D:4      | Reached XP level 6. HP: 43/43 MP: 7/7
  2910 | D:5      | Entered Level 5 of the Dungeon
  2937 | D:5      | Reached ** piety under Makhleb
  3034 | D:5      | Noticed Menkaure
  3043 | D:5      | Slain by Menkaure

Action                   |  1- 3 |  4- 6 || total
-------------------------+-------+-------++-------
Melee: Rapier            |   112 |   171 ||   283
       Spear             |       |    67 ||    67
       Dagger            |       |     6 ||     6
  Use: Scroll            |     6 |    11 ||    17
       Potion            |     1 |     9 ||    10
  Eat: Bread ration      |       |     2 ||     2
